 Dungeon Crawl Stone Soup version 0.26-a0-812-g31a745ddcd (webtiles) character file.

Game seed: 17770177157019925207

11399 kae the Grappler (level 11, 0/91 HPs)
             Began as a Red Draconian Transmuter on Dec 2, 2020.
             Was the Champion of Ru.
             Slain by a wight
             ... wielding a cursed +0 scimitar
              (2 damage)
             ... on level 10 of the Dungeon.
             The game lasted 00:11:17 (13471 turns).

kae the Grappler (Red Draconian Transmuter)        Turns: 13471, Time: 00:11:17

Health: 0/91       AC: 14    Str: 15    XL:     11   Next: 48%
Magic:  10/20      EV: 14    Int: 20    God:    Ru [******]
Gold:   568        SH:  0    Dex: 12    Spells: 9/22 levels left

rFire    . . .     SeeInvis .     - Unarmed
rCold    x . .     Faith    .   (shield currently unavailable)
rNeg     . . .     Spirit   .   (armour unavailable)
rPois    .         Reflect  .   (helmet restricted)
rElec    .         Harm     .   f - +2 cloak
rCorr    .         Rampage  .   (gloves currently unavailable)
MR       .....                  (no boots)
Stlth    +.........             (no amulet)
HPRegen  0.25/turn              d - +6 ring of intelligence
MPRegen  0.17/turn              j - +4 ring of protection

@: lethally poisoned (0 -> -2), exhausted, blade hands (expiring), drained
A: breathe fire, unfitting armour, fire resistance 1, cold-blooded, inability to
use devices, unskilled 1, temperature sensitive, AC +7
a: Breathe Fire, End Transformation, Draw Out Power, Power Leap, Apocalypse,
Renounce Religion


You were on level 10 of the Dungeon.
You worshipped Ru.
Ru was exalted by your worship.
You had blades for hands.
You visited 1 branch of the dungeon, and saw 10 of its levels.

You collected 710 gold pieces.
You spent 142 gold pieces at shops.

Inventory:

Armour
 f - a +2 cloak (worn)
Jewellery
 d - a +6 ring of intelligence (left scythe-like blade)
 j - a +4 ring of protection (right scythe-like blade)
 r - a +4 ring of protection
 x - an uncursed amulet of the acrobat
 y - a +6 ring of intelligence
Scrolls
 b - 3 scrolls of remove curse
 g - a scroll of amnesia
 k - 2 scrolls of magic mapping
 l - 4 scrolls of teleportation
 p - a scroll of enchant armour
 s - 2 scrolls of enchant weapon
Potions
 c - 2 potions of invisibility
 e - 4 potions of flight
 h - a potion of ambrosia
 i - 4 potions of lignification
 m - 2 potions of haste
 n - a potion of mutation
 o - 2 potions of heal wounds
 q - 3 potions of resistance
 t - 2 potions of berserk rage
 u - 3 potions of cancellation
 v - a potion of degeneration
 C - a potion of brilliance


   Skills:
 + Level 6.9(5.7) Fighting
 + Level 6.0(4.9) Dodging
 * Level 9.4(8.2) Unarmed Combat
 + Level 6.0(4.9) Spellcasting
 * Level 9.2(8.0) Transmutations
 - Level 1.7(0.7) Poison Magic


You had 9 spell levels left.
You knew the following spells:

 Your Spells              Type           Power        Failure   Level
a - Beastly Appendage     Tmut           #####.       11%         1
b - Spider Form           Tmut/Pois      ###.......   36%         3
c - Blade Hands           Tmut           #####.....   50%         5
d - Ice Form              Ice/Tmut       ###.....     65%         4

Your spell library contained the following spells:

 Spells                   Type           Power        Failure   Level
 Wereblood                Tmut           #####...     13%         2
 Poisonous Vapours        Pois/Air       #.....       56%         2
 Mephitic Cloud           Conj/Pois/Air  #.......     75%         3
 Conjure Flame            Conj/Fire      #.......     77%         3
 Freezing Cloud           Conj/Ice/Air   #.........   100%        6


Dungeon Overview and Level Annotations

Branches:
Dungeon (10/15)            Temple (0/1) D:4            Lair (0/6) D:8
    Orc (0/2) D:10

Altars:
Dithmenos
Makhleb
Nemelex Xobeh
Qazlal
Ru
Sif Muna
Yredelemnul
The Shining One

Shops:
D:8 ?   D:9 (


Innate Abilities, Weirdness & Mutations

You can breathe blasts of fire.
Your fiery red scales are hard. (AC +7)
You cannot fit into any form of body armour.
Your flesh is heat resistant. (rF+)
You are cold-blooded and may be slowed by cold attacks.
You cannot study or use magical devices.
You are somewhat unskilled. (-1 Apt)
You are sensitive to extremes of temperature. (rF-, rC-)


Message History

You kill the yak!
Your base Dodging skill increases to level 6!
The scorpion is stunned by your will and fails to attack.
You shred the scorpion!!!
You kill the scorpion!
Your transformation is almost over.
You feel sick.
You feel sick.
You slice the wight!!
You destroy the wight!
You barely miss the wight.
You feel sick.
The wight hits you with a cursed +0 scimitar.
* * * LOW HITPOINT WARNING * * *
The wight is stunned by your will and fails to attack.
You slash the wight!
Your tail-slap misses the wight.
The wight is severely damaged.
The wight hits you with a cursed +0 scimitar!
* * * LOW HITPOINT WARNING * * *
You feel drained.
You die...

#.........}.
#.†.".....†#
#$....>....#
#..........#
#.....)....#
#........(.#
#.....)zz).#
#...))†@)†)#
#...)..†)(.#
....)..#####
#######


You could see 2 wights.

Vanquished Creatures
  A two-headed ogre (D:7)
  An unseen horror (D:10)
  Pikel (D:8)
  A manticore (D:7)
  Joseph (D:8)
  2 komodo dragons
  A troll (D:9)
  Sigmund (D:3)
  12 yaks
  Grum (D:10)
  A vampire mosquito (D:7)
  Menkaure (D:6)
  Edmund (D:4)
  5 water moccasins
  6 ice beasts
  3 orc warriors
  2 phantoms
  2 sky beasts
  2 black bears (D:8)
  6 centaurs
  4 ogres
  4 wolves (D:10)
  A big kobold (D:10)
  6 bullfrogs
  3 scorpions
  A killer bee (D:7)
  16 wights
  2 electric eels (D:9)
  4 howler monkeys
  2 centaur zombies
  3 bullfrog zombies
  A quasit (D:9)
  6 hounds
  4 orc priests
  2 centaur skeletons
  3 jellies
  5 orc wizards
  A bullfrog skeleton (D:9)
  2 iguanas
  10 worker ants
  A hound skeleton (D:5)
  A worker ant zombie (D:8)
  7 gnolls
  13 adders
  3 shadow imps
  4 white imps
  3 ufetubi
  An adder skeleton (D:7)
  2 adder zombies (D:6)
  An adder simulacrum (D:9)
  5 leopard geckos
  30 orcs
  4 bats
  8 giant cockroaches
  8 goblins
  7 hobgoblins
  3 jackals (D:1)
  3 quokkas
  2 ball pythons
  6 frilled lizards
  15 kobolds
  A leopard gecko zombie (D:8)
  2 quokka skeletons
  10 rats
271 creatures vanquished.

Vanquished Creatures (others)
  A two-headed ogre (D:8)
  47 fungi (D:8)
  41 plants (D:8)
89 creatures vanquished.

Grand Total: 360 creatures vanquished

Notes
Turn   | Place    | Note
-------+----------+-------------------------------------------
     0 | D:1      | kae the Draconian Transmuter began the quest for the Orb.
     0 | D:1      | Reached XP level 1. HP: 16/16 MP: 3/3
   277 | D:1      | Reached XP level 2. HP: 23/23 MP: 3/5
  1202 | D:2      | Reached XP level 3. HP: 28/28 MP: 4/6
  1207 | D:2      | Learned a level 3 spell: Spider Form
  2007 | D:3      | Noticed Sigmund
  2039 | D:3      | Killed Sigmund
  2039 | D:3      | Reached XP level 4. HP: 32/37 MP: 2/8
  2039 | D:3      | Reached XP level 5. HP: 37/42 MP: 2/9
  2257 | D:3      | Found a sacrificial altar of Ru.
  2288 | D:3      | Became a worshipper of Ru the Awakened
  2556 | D:3      | Reached XP level 6. HP: 46/50 MP: 3/10
  2692 | D:3      | Found a glowing golden altar of the Shining One.
  2699 | D:3      | Found a shadowy altar of Dithmenos.
  2702 | D:3      | Found a burning altar of Makhleb.
  2894 | D:4      | Found a staircase to the Ecumenical Temple.
  3611 | D:4      | Noticed Edmund
  3622 | D:4      | Killed Edmund
  3622 | D:4      | Reached skill level 5 in Unarmed Combat
  3622 | D:4      | Reached skill level 1 in Poison Magic
  3622 | D:4      | Your scales start taking on a fiery red colour.
  3622 | D:4      | Reached XP level 7. HP: 52/57 MP: 8/11
  3622 | D:4      | Gained mutation: Your flesh is heat resistant. (rF+) [Red
                  | Draconian growth]
  3687 | D:4      | Gained mutation: You cannot study or use magical devices.
                  | [Ru sacrifice]
  3687 | D:4      | Reached * piety under Ru
  3687 | D:4      | Reached ** piety under Ru
  5052 | D:5      | Entered Level 5 of the Dungeon
  5052 | D:5      | Found a basalt altar of Yredelemnul.
  5182 | D:5      | Reached skill level 5 in Transmutations
  5272 | D:5      | Reached XP level 8. HP: 66/66 MP: 9/13
  6163 | D:6      | Noticed Menkaure
  6184 | D:6      | Killed Menkaure
  6190 | D:6      | Gained mutation: You are sensitive to extremes of
                  | temperature. (rF-, rC-) [Ru sacrifice]
  6190 | D:6      | Reached *** piety under Ru
  6190 | D:6      | Reached **** piety under Ru
  6190 | D:6      | Reached ***** piety under Ru
  6215 | D:6      | Found a sparkling altar of Nemelex Xobeh.
  7105 | D:6      | Found a stormy altar of Qazlal.
  7828 | D:7      | Identified the +2 robe of Guny {rElec Str+4 Int+2 Slay+3}
  7837 | D:7      | Reached XP level 9. HP: 72/72 MP: 15/15
  7942 | D:7      | Learned a level 5 spell: Blade Hands
  7947 | D:7      | Learned a level 4 spell: Ice Form
  8162 | D:7      | Noticed a komodo dragon
  8172 | D:7      | Killed a komodo dragon
  8193 | D:7      | Reached skill level 5 in Fighting
  8203 | D:7      | Noticed a two-headed ogre
  8375 | D:7      | Killed a two-headed ogre
  8375 | D:7      | Reached skill level 5 in Spellcasting
  8463 | D:7      | Reached skill level 5 in Dodging
  8488 | D:7      | Noticed a manticore
  8707 | D:7      | Killed a manticore
  8707 | D:7      | Reached XP level 10. HP: 9/83 MP: 17/17
  9099 | D:7      | Gained mutation: You are somewhat unskilled. (-1 Apt) [Ru
                  | sacrifice]
  9099 | D:7      | Reduced skill Poison Magic to level 1
  9099 | D:7      | Reached ****** piety under Ru
  9535 | D:8      | Noticed Pikel
  9549 | D:8      | Killed Pikel
  9705 | D:8      | Found Bica Xiosyhe's Magic Scroll Boutique.
  9713 | D:8      | Bought a scroll of identify for 30 gold pieces
  9713 | D:8      | Bought a scroll of identify for 30 gold pieces
  9713 | D:8      | Bought a scroll of identify for 30 gold pieces
  9728 | D:8      | Noticed Joseph
  9732 | D:8      | Reached skill level 5 in Spellcasting
  9742 | D:8      | Killed Joseph
  9742 | D:8      | Reached skill level 5 in Dodging
  9760 | D:8      | Bought a scroll of fear for 52 gold pieces
 10125 | D:8      | Found a staircase to the Lair.
 10672 | D:8      | Noticed a two-headed ogre
 10677 | D:8      | Killed a two-headed ogre
 11025 | D:8      | Found a shimmering blue altar of Sif Muna.
 11812 | D:9      | Found Juruzor's Weapon Shoppe.
 11904 | D:9      | Reached XP level 11. HP: 52/90 MP: 13/19
 13007 | D:9      | Found a sparkling altar of Nemelex Xobeh.
 13284 | D:10     | Entered Level 10 of the Dungeon
 13348 | D:10     | Noticed an unseen horror
 13351 | D:10     | Killed an unseen horror
 13443 | D:10     | Found a staircase to the Orcish Mines.
 13444 | D:10     | Noticed Grum
 13459 | D:10     | Killed Grum
 13471 | D:10     | HP: 2/91 [wight/cursed +0 scimitar (16)]
 13471 | D:10     | Slain by a wight

Illustrated notes

Levels and vault maps discovered:
D:1:      eino_arrival_water_cross, layout_basic, minmay_3d_cube
D:2:      minmay_angry_zag, layout_rooms, minmay_misc_feat_cross,
          minmay_hexomino_f4
D:3:      layout_rooms, nicolae_overflow_crystal_walls,
          minmay_overflow_temple_star_quad, kennysheep_potato, uniq_sigmund
D:4:      cheibrodos_helix_gallery, layout_cave_pods,
          minmay_temple_entry_purple_smoke, kennysheep_generic_room_7,
          uniq_edmund
D:5:      layout_gridville, gup_sewer_entry_bubbles, yredelemnul_altar_generic
D:6:      layout_cave_pods, old_standard_altar, basic_altar, uniq_menkaure
D:7:      minmay_chambers_of_sevens, layout_loops_ring,
          hangedman_abyss_or_decor_lesser_grid
D:8:      layout_layer_cave, tgw_sif, due_lair_maze_entry_diamond, serial_shops,
          shop, minmay_misc_feat_pillars, uniq_pikel, uniq_joseph
D:9:      layout_grid_maze, serial_ice, serial_ice_a, serial_ice_e,
          serial_ice_d, serial_ice_k, serial_ice_b, serial_ice_m, serial_ice_n,
          serial_ice_o, serial_shops, shop, nemelex_diamond_rough_becter
D:10:     layout_basic, david_orc_3, serial_shops,
          nicolae_shop_temple_entry_statues_fountains,
          ebering_ghost_disaster_area, uniq_snorg, uniq_grum

Skill      XL: |  1  2  3  4  5  6  7  8  9 10 11 |
---------------+----------------------------------+-----
Dodging        | 2 3 4 5 5 6 |  6.0
Fighting       | 2 3 4 5 6 |  6.9
Unarmed Combat | 4 5 6 8 8 9 |  9.4
Transmutations | 3 4 5 6 7 8 9 |  9.2
Spellcasting   | 3 4 5 5 6 |  6.0
Poison Magic   | 1 2 1 |  1.7

Action                   |  1- 3 |  4- 6 |  7- 9 | 10-12 || total
-------------------------+-------+-------+-------+-------++-------
Melee: Unarmed           |   113 |    93 |   318 |   270 ||   794
       Tailslap          |    12 |     4 |    27 |    27 ||    70
       Kick              |    12 |     9 |     1 |     1 ||    23
       Headbutt          |     6 |     2 |     1 |       ||     9
       Punch             |     1 |       |     4 |     5 ||    10
 Cast: Beastly Appendage |    22 |    10 |     3 |     2 ||    37
       Spider Form       |     1 |     9 |    20 |       ||    30
       Blade Hands       |       |       |     1 |    35 ||    36
       Ice Form          |       |       |       |     1 ||     1
Invok: Sacrifice Artific |       |       |     1 |       ||     1
       Sacrifice Resista |       |       |     1 |       ||     1
       Sacrifice Skill   |       |       |       |     1 ||     1
       Apocalypse        |       |       |       |     1 ||     1
 Abil: Breathe Fire      |       |       |    15 |     7 ||    22
       End Transformatio |       |       |     2 |       ||     2
  Use: Scroll            |     3 |       |    13 |    10 ||    26
       Potion            |       |       |       |     1 ||     1
 Stab: Sleeping          |     1 |       |     1 |       ||     2
       Invisible         |       |       |     3 |     4 ||     7
       Paralysed         |       |       |     1 |    12 ||    13
       Distracted        |       |       |     1 |     5 ||     6
Armor: Skin              |    28 |    10 |    67 |    76 ||   181
Dodge: Dodged            |    81 |    69 |   234 |   201 ||   585

Table legend: (Time is in decaauts)
 A = Elapsed time spent in this place.
 B = Non-inter-level travel time spent in this place.
 C = Inter-level travel time spent in this place.
 D = Time resting spent in this place.
 E = Time spent auto-exploring this place.
 F = Levels seen in this place.
 G = Mean time per level.
                   A        B        C        D        E       F      G
               +--------+--------+--------+--------+--------+-----+--------+
         Total |  13408 |  13123 |    285 |    760 |  10477 |  10 | 1340.8 |
       Dungeon |  13408 |  13123 |    285 |    760 |  10477 |  10 | 1340.8 |
               +--------+--------+--------+--------+--------+-----+--------+

Top non-repeatable levels by time:
     D:9: 2051 daAuts
     D:4: 1965 daAuts
     D:8: 1956 daAuts
     D:7: 1571 daAuts
     D:6: 1558 daAuts
     D:1: 1136 daAuts
     D:5: 1054 daAuts
     D:3: 1049 daAuts
     D:2: 886 daAuts
    D:10: 178 daAuts
